 Dungeon Crawl Stone Soup version 0.31-a0-1-g4198be8af4 (webtiles) character file.

Game seed: 3048682073894751282

1549 Pooter the Cleaver (level 8, -1/69 (71) HPs)
             Began as a Minotaur Berserker on May 3, 2023.
             Was a Priest of Trog.
             Slain by a wight
             ... wielding a +1 spear of freezing
              (3 damage)
             ... on level 6 of the Dungeon.
             The game lasted 00:20:58 (5356 turns).

Pooter the Cleaver (Minotaur Berserker)             Turns: 5356, Time: 00:20:59

HP:   -1/69 (71)    AC:  9    Str: 25    XL:     8   Next: 57%
MP:   7/7           EV:  9    Int:  4    God:    Trog [***...]
Gold: 86            SH:  0    Dex: 15    Spells: 7/7 levels left

rFire   . . .        a - +3 battleaxe
rCold   . . .        (shield currently unavailable)
rNeg    . . .        u - +0 chain mail
rPois   .            (helmet restricted)
rElec   .            (no cloak)
rCorr   .            (no gloves)
SInv    .            t - +0 pair of boots
Will    .....        (no amulet) Stlth
                     f - +6 ring of dexterity
HPRegen 0.31/turn    (no ring)
MPRegen 0.10/turn

%: no passive effects
@: on berserk cooldown, slowed, lightly drained, very slow
A: horns 2, retaliatory headbutt
a: Renounce Religion, Berserk, Trog's Hand


You were on level 6 of the Dungeon.
You worshipped Trog.
Trog was most pleased with you.
You visited 1 branch of the dungeon, and saw 6 of its levels.

You collected 185 gold pieces.
You spent 99 gold pieces at shops.

Inventory:

Hand Weapons
 a - a +3 battleaxe (weapon)
   (You took it off a wight on level 6 of the Dungeon)
 b - a +0 shortbow
   (You took it off a centaur on level 6 of the Dungeon)
 r - a +0 halberd
   (You took it off a gnoll on level 3 of the Dungeon)
 s - a +0 trident
   (You took it off an orc on level 3 of the Dungeon)
 v - a +0 quarterstaff
   (You found it on level 1 of the Dungeon)
 w - a +2 flail of holy wrath
   (You took it off an orc on level 5 of the Dungeon)
 A - a +1 war axe of draining
   (You found it on level 4 of the Dungeon)
Missiles
 n - 2 javelins
 y - 4 poisoned darts
 Q - 47 stones (quivered)
Armour
 t - a +0 pair of boots (worn)
   (You found it on level 3 of the Dungeon)
 u - a +0 chain mail (worn)
   (You found it on level 3 of the Dungeon)
Jewellery
 f - a +6 ring of dexterity (left hand)
   (You found it on level 4 of the Dungeon)
 k - a ring of fire
   (You found it on level 2 of the Dungeon)
 l - a +6 ring of intelligence
   (You found it on level 2 of the Dungeon)
Wands
 z - a wand of polymorph (5)
   (You bought it in a shop on level 5 of the Dungeon)
Scrolls
 d - 2 scrolls of amnesia {unknown}
 h - a scroll of torment {!r}
 i - a scroll of brand weapon
 o - 2 scrolls of teleportation {unknown}
Potions
 c - 2 potions of heal wounds {@q2}
 e - 2 potions of lignification {unknown}
 g - 2 potions of haste {unknown}
 j - 4 potions of curing {@q1}
 m - a potion of degeneration {unknown}
 p - 3 potions of brilliance {unknown}
 q - 2 potions of mutation {unknown}
 x - 2 potions of cancellation {unknown}
 B - a potion of attraction {unknown}


   Skills:
 + Level 6.8 Fighting
 * Level 9.0 Axes
 - Level 3.1 Staves
 * Level 6.6 Ranged Weapons
 - Level 2.4 Armour
 - Level 2.1 Dodging


You had 7 spell levels left.
You didn't know any spells.
Your spell library was empty.

Dungeon Overview and Level Annotations

Branches:
Dungeon (6/15)             Temple (0/1) D:5

Altars:
Fedhas
Nemelex Xobeh
Wu Jian
The Shining One

Shops:
D:5 *

Annotations:
D:3 Sigmund


Innate Abilities, Weirdness & Mutations

You have a pair of horns on your head.
You reflexively headbutt those who attack you in melee.


Message History

b - a +0 shortbow (weapon)
You shoot an arrow. The arrow completely misses the wight.
You shoot an arrow. The arrow hits the wight.
The wight hits you with a +3 mace.
A wight comes into view. It is wielding a +1 spear of freezing.
The wight hits you with a +3 mace!
a - a +3 battleaxe (weapon)
You are too injured to fight recklessly!
You are too injured to fight recklessly!
You are too injured to fight recklessly!
You slice the wight!!
You destroy the wight!
Trog accepts your kill.
A wight comes into view. It is wielding a +3 great sword.
The wight moves out of view.
Your Axes skill increases to level 9!
The wight hits you from afar with a +1 spear of freezing.
* * * LOW HITPOINT WARNING * * *
The wight freezes you.
* * * LOW HITPOINT WARNING * * *
The wight completely misses you.
Things that are here:
a +3 mace; a +0 robe; a scroll of brand weapon The wight hits you with a +1 spear of freezing!
* * * LOW HITPOINT WARNING * * *
The wight freezes you.
* * * LOW HITPOINT WARNING * * *
Unknown command.
You hit the wight. Your headbutt misses the wight.
The wight hits you with a +1 spear of freezing.
* * * LOW HITPOINT WARNING * * *
The wight freezes you.
* * * LOW HITPOINT WARNING * * *
The wight barely misses you.
You barely miss the wight.
The wight hits you with a +1 spear of freezing.
* * * LOW HITPOINT WARNING * * *
The wight freezes you.
* * * LOW HITPOINT WARNING * * *
The wight closely misses you. You furiously retaliate!
You headbutt the wight. You closely miss the wight.
The wight hits you but does no damage.
The wight hits you with a +1 spear of freezing.
* * * LOW HITPOINT WARNING * * *
The wight freezes you.
* * * LOW HITPOINT WARNING * * *
You hit the wight. Your headbutt misses the wight.
The wight hits you with a +1 spear of freezing!
* * * LOW HITPOINT WARNING * * *
You feel drained.
You die...

....#
##.......##......#.#
....#
#.......#.......#.#
....'..
####'####.......'.#
....#.. .
#.......#.......###
....#...
..##.......##......#
....# ..
..'.........'......#
..###
##.....)...##...#####
#'#
#...........#.#'##..##
#..z@)..# ###..#...##
#'#...#)### ##[.....#
#####)..#####....#.
####..#....###
##.....## ##...##
#...... .........
#..#######


You could see a wight.

Vanquished Creatures
  Grinder (D:4)
  A centaur (D:6)
  Blork the orc (D:4)
  3 scorpions
  8 wights (D:6)
  A vampire bat (D:3)
  3 hounds
  3 jellies
  An orc priest (D:3)
  3 orc wizards
  11 adders
  3 gnolls (D:3)
  A worm (D:4)
  The ghost of nononono the Sneak, a weakling KoDe (D:5)
  3 dart slugs
  12 orcs
  6 ball pythons
  16 bats
  8 endoplasms
  A giant cockroach (D:4)
  11 goblins
  10 hobgoblins
  9 jackals
  8 quokkas
  8 frilled lizards
  5 kobolds
  6 rats
144 creatures vanquished.

Notes
Turn   | Place    | Note
-------+----------+-------------------------------------------
     0 | D:1      | Pooter the Minotaur Berserker began the quest for the Orb.
     0 | D:1      | Reached XP level 1. HP: 19/19 MP: 0/0
    62 | D:1      | Reached skill level 4 in Axes
   157 | D:1      | Reached XP level 2. HP: 27/27 MP: 1/1
   538 | D:1      | Reached XP level 3. HP: 33/33 MP: 2/2
   676 | D:2      | Reached ** piety under Trog
   684 | D:2      | Reached skill level 5 in Axes
  1005 | D:2      | Reached XP level 4. HP: 38/41 MP: 3/3
  1234 | D:2      | Found a sparkling altar of Nemelex Xobeh.
  1350 | D:3      | Noticed Sigmund
  1439 | D:3      | Reached skill level 1 in Ranged Weapons
  1663 | D:3      | Reached skill level 1 in Staves
  1669 | D:3      | Reached XP level 5. HP: 45/47 MP: 4/4
  1946 | D:3      | Reached skill level 6 in Axes
  2051 | D:3      | Reached *** piety under Trog
  2073 | D:3      | Reached skill level 5 in Fighting
  2073 | D:3      | Reached XP level 6. HP: 52/56 MP: 5/5
  2902 | D:4      | Noticed Blork the orc
  2911 | D:4      | Killed Blork the orc
  3314 | D:4      | Reached XP level 7. HP: 58/61 MP: 6/6
  3383 | D:4      | Noticed Grinder
  3388 | D:4      | Killed Grinder
  3389 | D:4      | Reached skill level 7 in Axes
  3472 | D:5      | Entered Level 5 of the Dungeon
  3711 | D:5      | Found a staircase to the Ecumenical Temple.
  3958 | D:5      | Reached skill level 5 in Ranged Weapons
  4152 | D:5      | Found a runed translucent door.
  4158 | D:5      | Noticed nononono's ghost (weakling KoDe)
  4174 | D:5      | Killed nononono's ghost
  4248 | D:5      | Found Fidipom's General Store.
  4254 | D:5      | Bought a scroll of identify for 22 gold pieces
  4254 | D:5      | Bought a wand of polymorph (5) for 77 gold pieces
  4712 | D:6      | Reached XP level 8. HP: 70/70 MP: 7/7
  4714 | D:6      | Reached skill level 8 in Axes
  4968 | D:6      | Found an ornate altar of the Wu Jian Council.
  4968 | D:6      | Found a glowing golden altar of the Shining One.
  4969 | D:6      | Found a blossoming altar of Fedhas.
  5351 | D:6      | Reached skill level 9 in Axes
  5356 | D:6      | HP: 2/71 [wight/+1 spear of freezing (11)]
  5356 | D:6      | Slain by a wight

Illustrated notes

Levels and vault maps discovered:
D:1:      lordsloth_arrival_two_stooges, layout_loops_ring,
          minmay_misc_feat_four_crosses
D:2:      layout_loops_cross, basic_altar, minmay_pentomino_p4
D:3:      layout_loops_ring, grunt_ministairs_7, roderic_batcave,
          minmay_increasing_density, uniq_sigmund
D:4:      layout_loops_ring, uniq_blork_the_orc, uniq_grinder
D:5:      layout_basic, minmay_temple_entry_waves,
          ebering_ghost_reflecting_pool, serial_shops, kennysheep_little_box,
          kennysheep_another_room, hangedman_decor_growths
D:6:      nicolae_cairo_tiling_very_big, layout_layer_cave,
          gammafunk_temple_overflow_claw, lightli_corner_chamber

Skill      XL: |  1  2  3  4  5  6  7  8 |
---------------+-------------------------+-----
Axes           | 4 5 6 7 9 |  9.0
Fighting       | 4 5 6 |  6.8
Ranged Weapons | 1 2 3 5 6 |  6.6
Staves         | 1 2 3 |  3.1
Armour         | |  2.4
Dodging        | |  2.1

Action                     |  1- 3 |  4- 6 |  7- 9 || total
---------------------------+-------+-------+-------++-------
  Melee: Hand axe          |    41 |       |       ||    41
         Headbutt          |     6 |    20 |     8 ||    34
         Punch             |     1 |       |     1 ||     2
         Quarterstaff      |    30 |   123 |       ||   153
         War axe           |       |    23 |    42 ||    65
         Battleaxe         |       |       |    22 ||    22
   Fire: Sling             |    14 |    21 |    14 ||    49
         Shortbow          |       |       |     4 ||     4
  Throw: Stone             |       |     8 |       ||     8
         Javelin           |       |     3 |       ||     3
 Invoke: Berserk           |     1 |     3 |     4 ||     8
         Trog's Hand       |       |     2 |     5 ||     7
    Use: Scroll            |     2 |       |     5 ||     7
   Stab: Sleeping          |       |     1 |       ||     1
 Armour: Animal skin       |    13 |    19 |       ||    32
         Chain mail        |       |    26 |    26 ||    52
  Dodge: Dodged            |    41 |   115 |    25 ||   181

Table legend: (Time is in decaauts)
 A = Elapsed time spent in this place.
 B = Non-inter-level travel time spent in this place.
 C = Inter-level travel time spent in this place.
 D = Time resting spent in this place.
 E = Time spent auto-exploring this place.
 F = Levels seen in this place.
 G = Mean time per level.
                   A        B        C        D        E       F      G
               +--------+--------+--------+--------+--------+-----+--------+
         Total |   5463 |   5253 |    210 |    640 |   3607 |   6 |  910.5 |
       Dungeon |   5463 |   5253 |    210 |    640 |   3607 |   6 |  910.5 |
               +--------+--------+--------+--------+--------+-----+--------+

Top non-repeatable levels by time:
     D:3: 1332 daAuts
     D:5: 1023 daAuts
     D:6: 876 daAuts
     D:4: 844 daAuts
     D:2: 724 daAuts
     D:1: 661 daAuts
